 Dungeon Crawl Stone Soup version 0.26-a0-812-g31a745ddcd (webtiles) character file.

Game seed: 11605353843625740559

95 kae the Ruffian (level 4, -2/36 HPs)
             Began as a Draconian Transmuter on Nov 27, 2020.
             Slain by an iguana (12 damage)
             ... on level 3 of the Dungeon.
             The game lasted 00:01:23 (2158 turns).

kae the Ruffian (Draconian Transmuter)              Turns: 2158, Time: 00:01:24

Health: -2/36      AC:  7    Str: 13    XL:     4   Next: 40%
Magic:  7/7        EV: 12    Int: 14    God:
Gold:   130        SH:  0    Dex: 11    Spells: 3/7 levels left

rFire    . . .     SeeInvis .     - Unarmed
rCold    . . .     Faith    .   (no shield)
rNeg     . . .     Spirit   .   (armour unavailable)
rPois    .         Reflect  .   (helmet restricted)
rElec    .         Harm     .   d - +0 cloak
rCorr    .         Rampage  .   (no gloves)
MR       .....                  i - +0 pair of boots
Stlth    +.........             (no amulet)
HPRegen  0.12/turn              (no ring)
MPRegen  0.10/turn              (no ring)

@: no status effects
A: unfitting armour, cold-blooded, AC +5
a: no special abilities


You were on level 3 of the Dungeon.
You visited 1 branch of the dungeon, and saw 3 of its levels.

You collected 130 gold pieces.

Inventory:

Armour
 d - a +0 cloak (worn)
 h - a scarf of invisibility
 i - a +0 pair of boots (worn)
Jewellery
 k - a +4 ring of protection {unknown}
Scrolls
 a - 4 scrolls of remove curse {unknown}
 b - 4 scrolls of enchant weapon {unknown}
 e - 3 scrolls of identify {unknown}
 f - a scroll of enchant armour {unknown}
 j - a scroll of fog {unknown}
 l - a scroll of fear {unknown}
 n - a scroll of magic mapping {unknown}
Potions
 c - 3 potions of curing
 g - a potion of degeneration {unknown}
 m - a potion of mutation {unknown}


   Skills:
 + Level 1.8 Fighting
 + Level 2.3 Dodging
 * Level 3.6 Unarmed Combat
 + Level 2.4 Spellcasting
 * Level 3.0 Transmutations
 + Level 0.5 Evocations


You had 3 spell levels left.
You knew the following spells:

 Your Spells              Type           Power        Failure   Level
a - Beastly Appendage     Tmut           ##....       7%          1
b - Spider Form           Tmut/Pois      #.........   36%         3

Your spell library contained the following spells:

 Spells                   Type           Power        Failure   Level
 Wereblood                Tmut           ##......     10%         2
 Ice Form                 Ice/Tmut       #.......     77%         4
 Blade Hands              Tmut           ##........   88%         5


Dungeon Overview and Level Annotations

Branches:
Dungeon (3/15)

Altars:
Okawaru


Innate Abilities, Weirdness & Mutations

Your plain brown scales are hard. (AC +5)
You cannot fit into any form of body armour.
You are cold-blooded and may be slowed by cold attacks.


Message History

The iguana bites you.
You closely miss the iguana.
The iguana is severely wounded.
The iguana closely misses you.
You hit the iguana but do no damage.
The iguana is severely wounded.
The iguana barely misses you.
You barely miss the iguana.
The iguana is severely wounded.
The iguana misses you.
You closely miss the iguana.
The iguana is severely wounded.
The iguana bites you!
* * * LOW HITPOINT WARNING * * *
Okay, then.
You hit the iguana.
The iguana is severely wounded.
The iguana bites you but does no damage.
It was a potion of curing.
You feel better. The iguana bites you!
You die...

#.......†...........
#...................
#...................
#...................
#...................
#...................
#.†.................
#.......[.?.........
#...........@.......
#.[....!....l......<
#####...................
#..†....<.............(.
#.###...................
#. #........$..........
#+ #...................
#...................
#(.......[..


You could see an iguana.

Vanquished Creatures
  4 adders
  A dart slug (D:1)
  2 leopard geckos (D:1)
  6 bats
  3 giant cockroaches
  6 goblins
  8 hobgoblins
  6 jackals
  A quokka (D:3)
  5 kobolds
  12 rats
54 creatures vanquished.

Notes
Turn   | Place    | Note
-------+----------+-------------------------------------------
     0 | D:1      | kae the Draconian Transmuter began the quest for the Orb.
     0 | D:1      | Reached XP level 1. HP: 16/16 MP: 3/3
   220 | D:1      | Reached XP level 2. HP: 17/23 MP: 3/5
   579 | D:1      | Reached XP level 3. HP: 28/28 MP: 4/6
   584 | D:1      | Learned a level 3 spell: Spider Form
  1230 | D:2      | Found an iron altar of Okawaru.
  1800 | D:2      | Reached XP level 4. HP: 32/36 MP: 5/7
  2158 | D:3      | Slain by an iguana

Illustrated notes

Levels and vault maps discovered:
D:1:      psy_arrival_basics, layout_loops_ring, hangedman_feature_mirror,
          serial_bayou_pond_d, dk_noncrumbling_2
D:2:      layout_loops_corners, okawaru_gym_becter, moated_statue
D:3:      layout_basic, nicolae_qazlal_style_of_elements, due_unseen_surprise

Skill      XL: |  1  2  3  4 |
---------------+-------------+-----
Dodging        | 2 |  2.3
Transmutations | 3 |  3.0
Fighting       | |  1.8
Unarmed Combat | |  3.6
Spellcasting   | |  2.4
Evocations     | |  0.5

Action                   |  1- 3 |  4- 6 || total
-------------------------+-------+-------++-------
Melee: Unarmed           |   107 |    51 ||   158
       Kick              |    12 |     9 ||    21
       Headbutt          |    12 |     2 ||    14
       Tailslap          |     8 |     5 ||    13
       Punch             |     2 |     1 ||     3
 Cast: Beastly Appendage |    25 |     5 ||    30
  Use: Potion            |       |     1 ||     1
 Stab: Sleeping          |     1 |       ||     1
Armor: Skin              |    44 |    12 ||    56
Dodge: Dodged            |    68 |    32 ||   100

Table legend: (Time is in decaauts)
 A = Elapsed time spent in this place.
 B = Non-inter-level travel time spent in this place.
 C = Inter-level travel time spent in this place.
 D = Time resting spent in this place.
 E = Time spent auto-exploring this place.
 F = Levels seen in this place.
 G = Mean time per level.
                   A        B        C        D        E       F      G
               +--------+--------+--------+--------+--------+-----+--------+
         Total |   2151 |   2073 |     78 |      0 |   1675 |   3 |  717.0 |
       Dungeon |   2151 |   2073 |     78 |      0 |   1675 |   3 |  717.0 |
               +--------+--------+--------+--------+--------+-----+--------+

Top non-repeatable levels by time:
     D:2: 1054 daAuts
     D:1: 1005 daAuts
     D:3: 92 daAuts
